cohdb
Replays
Latest Replays
All Replays
Popular Replays
Top Player Replays
Match Explorer
How It Works
Community
CoH3 Stats
Reddit
Sign in to upload your games and track your stats! →
Sign in with Steam
Match 25123119
Unlisted
Match 25123119
Overview
Messages
Build Orders
End
Panzergrenadier Squad
Panzergrenadier Squad
250 Light Carrier
Construct Light Support Kompanie
MG34 Team
Fire Support Elements
Panzerjäger Squad
le.IG 18 Mechanized Group
MG34 Team
Construct Panzerarmee Kommand
Selects Armored Support Battlegroup
Selects Salvage Kits
Selects Panzer Storm
Walking Stuka Rocket Launcher
Pak 38 Mechanized Group
Walking Stuka Rocket Launcher
Selects Stuka Anti-tank Loiter
Stuka Anti-tank Loiter
Panzer III L Medium Tank
Tungsten Core Ammunition
Armored Reserves
Selects Veteran Gunners
Stuka Anti-tank Loiter
Panzer III L Medium Tank
Selects Flammpanzer III Medium Tank Sd.Kfz. 141
MG34 Team
Stuka Anti-tank Loiter
MiGura
baka_reimu
chieryfox
MSGMSGMSG(King of Flavor)
Metalharl
^3
RommelF
Africanoblanco
0
0
Comments
sign in to comment!
No comments posted yet!